[Event "Championnat d'Europe Rapide"]
[Date "2024.12.08"]
[White "Promyshlyanskiy, Vitaliy"]
[Black "Costachi, Mihnea"]
[WhiteElo "2279"]
[BlackElo "2464"]
[Round "7.41"]
[Result "0-1"]
[TimeControl "900+10"]

1. e4 e5 2. Nf3 Nc6 3. Bb5 a6 4. Ba4 d6 5. Bxc6+ bxc6 6. d4 exd4 7. Qxd4 Nf6 8. O-O c5 9. Qd3 Be7 10. e5 dxe5 11. Qxd8+ Bxd8 12. Nxe5 Be7 13. Re1 Be6 14. Nc3 O-O 15. Bf4 Bd6 16. Nd3 Bf5 17. Be5 c4 18. Bxd6 cxd6 19. Nf4 Bxc2 20. Rac1 Bf5 21. Red1 Rfb8 22. Rd2 Rb7 23. Rcd1 Kf8 24. f3 Rab8 25. g4 Bg6 26. Rxd6 Rxb2 27.
Rxa6 Rc2 28. Ncd5 Nxd5 29. Nxd5 Bd3 30. Ra7 Be2 31. Re1 Bxf3 32. Ne3 Rc3 33. Rc7 g6 34. Kf2 Ba8 35. Re2 Re8 36. Nxc4 Rxe2+ 37.
Kxe2 Bd5 38. Rc8+ Kg7 39. Nb6 Bf3+ 40. Kf2 Ra3 41. h3 Be4 42. Rc1 Rxh3 43. a4 Rf3+ 44. Ke2 Rg3 45. a5 Ra3 46. Nc4 Bd3+ 47. Kd2 Bxc4 48. Rxc4 Rxa5 49. Ke3 h5 50. Kf3 hxg4+ 51. Kxg4 Kh6 52. Rb4 Rg5+ 53. Kh4 Rg1 54. Rb6 f5 55. Ra6 Rg4+ 56. Kh3 Kg5 57. Ra5 Re4 58. Kg3 Re3+ 59. Kf2 Rb3 60. Ra4 f4 61. Ra6 Kf5 62. Ra5+ Kg4 63. Ra4 Rb2+ 64. Kg1 Kg3 65. Ra1 f3 66. Rf1 Rg2+ 67. Kh1 Rh2+ 68. Kg1 f2+ 0-1

[Site "Europe Echecs"]

[Event "Championnat d'Europe Rapide"]
[Date "2024.12.08"]
[White "Tweedie, Steven"]
[Black "Pancevski, Filip"]
[WhiteElo "2172"]
[BlackElo "2420"]
[Round "7.43"]
[Result "0-1"]
[TimeControl "900+10"]

1. e4 d6 2.
Nc3 Nf6 3.
g3 g6 4. Bg2 Bg7 5. d3 O-O 6. Nge2 c5 7. O-O Nc6 8. h3 Rb8 9. f4 Ne8 10. f5 b5 11. g4 Nc7 12. Ng3 b4 13. Nce2 a5 14. Rb1 Nb5 15. Be3 a4 16. Qd2 a3 17. b3 Ncd4 18. Rbc1 Nc3 19. Nxc3 bxc3 20. Qf2 Nc6 21. g5 Be5 22. Bf4 Bh8 23. h4 Nb4 24. h5 Nxa2 25. Ra1 Nb4 26. Be3 a2 27. Bf3 Be5 28. Kg2 Qc7 29. Bd1 d5 30. fxg6 hxg6 31. hxg6 Be6 32. g7 Kxg7 33. Nf5+ Bxf5 34. Qxf5 e6 35. Qf2 Rh8 36. Bf4 Bxf4 37. Qxf4 Qxf4 38. Rxf4 d4 39. Rf2 Rh4 40. Kg3 Rbh8 41. Bf3 Rh3+ 42. Kf4 R8h4+ 43. Ke5 Rh2 44. Rff1 Rxc2 45. Kd6 Nxd3 46. Rfd1 Nf2 47. Re1 Rf4 48. Bd1 Rd2 49. Bh5 Nxe4+ 0-1

[Site "Europe Echecs"]

[Event "Championnat d'Europe Rapide"]
[Date "2024.12.08"]
[White "Nakonechnyi, Oleksii"]
[Black "Narva, Mai"]
[WhiteElo "2052"]
[BlackElo "2413"]
[Round "7.44"]
[Result "0-1"]
[TimeControl "900+10"]

1. d4 Nf6 2. Nf3 g6 3. g3 Bg7 4. Bg2 O-O 5. O-O d6 6. c4 c6 7. Nc3 Qb6 8. b3 e5 9. c5 dxc5 10. dxe5 Ng4 11. Bf4 Nd7 12. Qd6 Re8 13. Ne4 Re6 14. Qd2 Ndxe5 15.
Rad1 Re8 16.
h3 Nxf3+ 17.
exf3 Nf6 18.
Nd6 Rd8 19.
Bg5 Be6 20.
Qf4 Nd5 21.
Bxd8 Rxd8 22. Nc4 Nxf4 23. Nxb6 Ne2+ 24. Kh2 Rxd1 25. Rxd1 axb6 26. Rd8+ Bf8 27. Rb8 Nc3 28. Rxb7 b5 29. f4 Nxa2 30. Bxc6 b4 31. Bf3 Bxb3 32. Rc7 Be6 33. Be4 c4 34. Kg2 b3 35. g4 Bd6 36. Rc6 Bxf4 37. Kf3 Bc1 38.
Rb6 Nc3 39.
Rb8+ Kg7 40.
Rb7 Nxe4 41.
Kxe4 b2 42.
f4 c3 43.
Kd3 Ba2 0-1

[Site "Europe Echecs"]

[Event "Championnat d'Europe Rapide"]
[Date "2024.12.08"]
[White "Yuste Valenzuela, Alejandro"]
[Black "Stanojoski, Zvonko"]
[WhiteElo "2150"]
[BlackElo "2401"]
[Round "7.45"]
[Result "0-1"]
[TimeControl "900+10"]

1. e4 c5 2.
Nf3 d6 3. d4 cxd4 4. Nxd4 Nf6 5. Nc3 a6 6. Be2 g6 7. Be3 Bg7 8. Qd2 h5 9. O-O-O Ng4 10. Bxg4 hxg4 11. f4 gxf3 12.
gxf3 Nc6 13.
Nxc6 bxc6 14. Bd4 Bh6 15. Be3 Bxe3 16. Qxe3 Qa5 17. a3 Rb8 18. Ne2 Qb5 19. Qc3 Rh5 20. Nd4 Qg5+ 21. Kb1 c5 22. Ne2 Qe5 23. Qxe5 Rxe5 24. h4 Be6 25. Nf4 Bc4 26. h5 gxh5 27. Nxh5 Be2 28. Ng3 Bxd1 29. f4 Re6 30. Rh8+ Kd7 31. Rxb8 Bf3 32. Rf8 Rg6 33. Nf5 Bxe4 34. Ne3 Rg3 35. Nc4 Ke6 36. Nd2 Rg1+ 37. Ka2 Bxc2 38. Ra8 Rd1 39. Nc4 Bd3 40. Nb6 c4 41. a4 d5 42. Ra7 d4 43. Nc8 c3 44. bxc3 dxc3 45. Rxe7+ Kf6 46. Rc7 c2 47. Kb2 Rb1+ 0-1

[Site "Europe Echecs"]

[Event "Championnat d'Europe Rapide"]
[Date "2024.12.08"]
[White "Tsolakidou, Stavroula"]
[Black "Zygouris, Hristos"]
[WhiteElo "2451"]
[BlackElo "2163"]
[Round "7.46"]
[Result "1-0"]
[TimeControl "900+10"]

1. e4 c5 2.
Nf3 Nc6 3.
d4 cxd4 4.
Nxd4 Qb6 5.
Nb3 Nf6 6.
Nc3 e6 7. a3 d6 8. Be3 Qc7 9. f4 a6 10. g4 b5 11. g5 Nd7 12. Qe2 b4 13. axb4 Nxb4 14. Bg2 Rb8 15. O-O g6 16. f5 Ne5 17. Nd4 Bg7 18. fxe6 fxe6 19. Bh3 Ke7 20. Rf6 Bxf6 21. gxf6+ Kf7 22. Qf2 Bd7 23. Bh6 Qc5 24. Rd1 Nbc6 25. Be3 Nxd4 26. Bxd4 Qc7 27. Qe3 h6 28. Ne2 Qxc2 29. Rc1 Qb3 30. Rc3 Qd1+ 31. Kf2 Rb7 32. Bxe5 dxe5 33. Rd3 Qa4 34. Rd2 Qb4 35. Ng1 Bc6 36. Nf3 Qxe4 37. Nxe5+ Kxf6 38. Nxc6 Qxc6 39. Bg2 Qb6 40. Bxb7 Qxb7 41. Qc3+ e5 42. Rd6+ Kf5 43. Qh3+ Kf4 44. Qg3+ Kf5 45. Qxg6+ 1-0

[Site "Europe Echecs"]

[Event "Championnat d'Europe Rapide"]
[Date "2024.12.08"]
[White "Herega, Nejc"]
[Black "Diermair, Andreas"]
[WhiteElo "2249"]
[BlackElo "2433"]
[Round "7.47"]
[Result "0-1"]
[TimeControl "900+10"]

1. d4 Nf6 2.
c4 e6 3. Nc3 Bb4 4. e3 c5 5. Nge2 d5 6. a3 Ba5 7. cxd5 cxd4 8. Qxd4 exd5 9. g3 Nc6 10. Qd1 Bg4 11. Bg2 Bxc3+ 12.
bxc3 Ne5 13.
h3 Bf3 14.
O-O O-O 15.
Bxf3 Nxf3+ 16. Kg2 Ne5 17. Qd4 Nc6 18. Qf4 Re8 19. Rd1 Re4 20. Qf5 g6 21. Qg5 Kg7 22. Nd4 Qd7 23. f3 Re5 24. Qf4 g5 25. Nxc6 gxf4 26. Nxe5 Qa4 27. Bd2 fxg3 28. Rac1 Re8 29. Nd3 Nh5 30. Nb4 a5 31. Nc2 Qh4 32. Nd4 Qg5 33. Rb1 Qg6 34. Rxb7 Qd3 35. Rbb1 h6 36. a4 Kh7 37. Rb7 Kg8 38. Rbb1 Kh7 39. Rb7 Rxe3 40. Bxe3 Qxe3 41. Rb2 Qxc3 42. Rbd2 Qe3 43. Nc2 Qg5 44. Kg1 Nf4 45. Ne1 Nxh3+ 46. Kf1 Nf4 47. Ng2 Qh5 48. Nxf4 Qxf3+ 49. Kg1 Qxf4 50. Kg2 h5 51. Rxd5 Qf2+ 52. Kh3 Qh2# 0-1

[Site "Europe Echecs"]

[Event "Championnat d'Europe Rapide"]
[Date "2024.12.08"]
[White "Domingo Nunez, Ruben"]
[Black "Suljovic, Sulejman"]
[WhiteElo "2409"]
[BlackElo "2182"]
[Round "7.48"]
[Result "1-0"]
[TimeControl "900+10"]

1. e4 e6 2.
Nf3 d5 3. Nc3 dxe4 4. Nxe4 Bd7 5. d4 Bc6 6. Bd3 Nd7 7. O-O Ngf6 8. Nc3 Be7 9. Re1 O-O 10. Ne5 Nxe5 11. dxe5 Nd5 12. Qg4 Re8 13. Bh6 Bf8 14. Bg5 Be7 15. Ne4 Bxg5 16. Nxg5 h6 17.
Nf3 Qe7 18.
a3 Rad8 19.
Rad1 Nb6 20.
Nd4 Bd5 21.
h4 c5 22.
Nb5 Nc8 23.
Nc3 Bc6 24.
Ne4 Bxe4 25.
Qxe4 g6 26. c3 h5 27. Qf4 a6 28. Re3 Qf8 29. g4 hxg4 30. h5 c4 31. Qxc4 gxh5 32. f3 Qg7 33. Kf2 g3+ 34. Kg2 Ne7 35. Rh1 Qg5 36. f4 Nd5 37. Qxd5 Qxf4 38. Qf3 Qg5 1-0

[Site "Europe Echecs"]

[Event "Championnat d'Europe Rapide"]
[Date "2024.12.08"]
[White "Nikolovski, Nikola"]
[Black "Trapp, Maximilian"]
[WhiteElo "2407"]
[BlackElo "2050"]
[Round "7.49"]
[Result "1-0"]
[TimeControl "900+10"]

1. e4 d5 2.
exd5 Nf6 3.
d4 Nxd5 4.
Nf3 c6 5. c4 Nf6 6. Nc3 Bf5 7. Qb3 Qb6 8. c5 Qc7 9. Bf4 Qc8 10. Ne5 Be6 11. Bc4 Bxc4 12.
Nxc4 e6 13.
O-O Be7 14.
Bd6 Qd7 15.
Ne5 Qc8 16.
Bxe7 Kxe7 17. f4 g6 18. f5 gxf5 19. Rxf5 Rf8 20. Rxf6 Kxf6 21. Ne4+ Ke7 22. Qg3 Kd8 23. Qg5+ Kc7 24. Qe7+ Nd7 25. Qd6+ Kd8 26. Nxd7 Qxd7 27.
Qxf8+ 1-0

[Site "Europe Echecs"]

[Event "Championnat d'Europe Rapide"]
[Date "2024.12.08"]
[White "Martinkus, Rolandas"]
[Black "Mohr, Georg"]
[WhiteElo "1961"]
[BlackElo "2385"]
[Round "7.50"]
[Result "0-1"]
[TimeControl "900+10"]

1. Nf3 g6 2.
e4 c5 3. c3 d5 4. exd5 Qxd5 5. d4 cxd4 6. cxd4 Bg7 7. Nc3 Qd8 8. Qa4+ Nd7 9. Bf4 Ngf6 10. Be2 O-O 11. O-O Nb6 12. Qa3 Be6 13. Rfe1 Nbd5 14. Be5 h6 15. Rac1 a6 16. Na4 Qa5 17. Nc5 Qxa3 18. bxa3 Bc8 19. a4 b6 20. Nb3 a5 21. Nfd2 Bd7 22. Bf3 Rac8 23. Nc4 Bxa4 24. Bxf6 Nxf6 25.
Nxb6 Rxc1 26. Nxc1 Bb5 27. Rxe7 Rb8 28. Rb7 Re8 29. Re7 Rb8 30. Nd5 Ra8 0-1

[Site "Europe Echecs"]

[Event "Championnat d'Europe Rapide"]
[Date "2024.12.08"]
[White "Gatineau, Yovann"]
[Black "Molina Carretero, Daniel"]
[WhiteElo "2363"]
[BlackElo "2195"]
[Round "7.51"]
[Result "1-0"]
[TimeControl "900+10"]

1. d4 Nf6 2.
Bf4 d5 3. e3 c5 4. Nc3 cxd4 5. exd4 Bf5 6. Nb5 Na6 7. c3 e6 8. Qa4 Qd7 9. Nf3 Kd8 10. Ne5 Qe7 11. Nd6 Bg6 12. Qa5+ Nc7 13.
Nxb7+ Kc8 14. Nc5 a6 15. Nc6 1-0

[Site "Europe Echecs"]

[Event "Championnat d'Europe Rapide"]
[Date "2024.12.08"]
[White "Djurovic, Peko"]
[Black "Pipiras, Filipa Fortuna"]
[WhiteElo "2253"]
[BlackElo "2178"]
[Round "7.52"]
[Result "1/2-1/2"]
[TimeControl "900+10"]

1. e4 c6 2.
d4 d5 3. e5 Bf5 4. h4 h5 5. Bg5 Qb6 6. Bd3 Qxd4 7. Nf3 Qg4 8. Bxf5 Qxf5 9. O-O e6 10. c4 Nd7 11. Nc3 Be7 12. cxd5 exd5 13. Re1 Nc5 14. Nd4 Qd3 15. e6 Bxg5 16.
hxg5 Ne7 17.
b4 Qxd1 18.
exf7+ Kxf7 19. Raxd1 Nd7 20. b5 Rhe8 21. bxc6 bxc6 22. Rb1 Nc5 23. Re3 Rac8 24. g3 g6 25. Rf3+ Kg7 26. Re1 Nf5 27. Nxf5+ gxf5 28. Rxe8 Rxe8 29. Rxf5 Ne6 30. Re5 Nc7 31. Rxe8 Nxe8 32. f4 Nd6 33. Kf2 Kg6 34. Kf3 Kf5 35. Nd1 d4 36. Nf2 c5 37. g4+ hxg4+ 38. Nxg4 c4 39. Nh6+ Kg6 40. Ng4 Kf5 41. Ne5 c3 42. Nd3 a5 43. Ke2 Nc4 44. Kd1 a4 45. Kc2 Ne3+ 46. Kc1 a3 47. Kb1 Nc4 48. Kc2 Ne3+ 49. Kc1 Nd5 50. Kc2 Ne7 51. Kb3 Ke4 52. Kc4 c2 53. Nc1 Nf5 54. Kb3 Kxf4 55. g6 Kg5 56. Kxc2 Kxg6 57. Kb3 Kf6 58. Kxa3 Ke5 59. Kb3 Kd5 60. a4 Nd6 61. Ne2 Kc5 62. Nf4 Kb6 63. Kb4 Ka6 64. Nd3 Nb7 65. Kc4 Ka5 66. Kxd4 Kxa4 1/2-1/2

[Site "Europe Echecs"]

[Event "Championnat d'Europe Rapide"]
[Date "2024.12.08"]
[White "Fromm, Marius"]
[Black "Sirigos, Nikolaos"]
[WhiteElo "2459"]
[BlackElo "2044"]
[Round "7.53"]
[Result "1-0"]
[TimeControl "900+10"]

1. e4 e5 2.
Nf3 Nc6 3.
Bb5 a6 4.
Ba4 Nf6 5.
Nc3 b5 6.
Bb3 Be7 7.
a4 b4 8. Nd5 O-O 9. d3 Bb7 10. a5 Nd4 11. Nxd4 Bxd5 12.
exd5 exd4 13. O-O d6 14. Bd2 Qb8 15. Re1 Re8 16. Ba4 Nxd5 17. Bc6 Nf6 18. Qf3 Ra7 19. Bg5 Qd8 20. Bxf6 gxf6 21. Re2 Ra8 1-0

[Site "Europe Echecs"]

[Event "Championnat d'Europe Rapide"]
[Date "2024.12.08"]
[White "Reprintsev, Alexander"]
[Black "Baliasnyj, Timur"]
[WhiteElo "2230"]
[BlackElo "2174"]
[Round "7.54"]
[Result "1/2-1/2"]
[TimeControl "900+10"]

1. e4 c5 2.
b3 Nf6 3. e5 Nd5 4. Nc3 Nxc3 5. dxc3 Nc6 6. Nf3 g6 7. Bc4 Bg7 8. O-O O-O 9. Bf4 d6 10. exd6 Bxc3 11.
dxe7 Nxe7 12. Ng5 Bf5 13. Qxd8 Raxd8 14. Rad1 Rxd1 15. Rxd1 Bf6 16. Rd6 Bd4 17. h3 Nc8 18. Rd5 Nb6 19. Rxf5 gxf5 20. Bd3 Nd5 21. Bd2 Ne7 22. Nf3 Bf6 23. a4 b6 24. Kf1 Re8 1/2-1/2

[Site "Europe Echecs"]

[Event "Championnat d'Europe Rapide"]
[Date "2024.12.08"]
[White "Fedoseev, Vladimir"]
[Black "Van Foreest, Jorden"]
[WhiteElo "2709"]
[BlackElo "2677"]
[Round "8.1"]
[Result "1-0"]
[TimeControl "900+10"]

1. d4 Nf6 2.
c4 e6 3. Nf3 b6 4. g3 Bb7 5. Bg2 Be7 6. O-O O-O 7. Re1 a5 8. Bf4 d6 9. Nc3 Ne4 10. Nb5 f5 11. Nd2 Nd7 12. Nxe4 Bxe4 13.
Bxe4 fxe4 14. Nc3 Qe8 15. Qc2 e5 16. Be3 exd4 17. Bxd4 Bf6 18. Rad1 Nc5 19. Qd2 Qf7 20. Bxf6 Qxf6 21. Qe3 Rae8 22. Rd5 h6 23. h4 Qf7 24. b3 Re6 25. Rd4 Re5 26. Kg2 Qg6 27. Rd5 Re7 28. h5 Qg4 29. Rh1 Ref7 30. Nd1 Ne6 31. Kf1 Ng5 32. Ke1 Qe6 33. Kd2 c6 34. Rd4 Qe5 35. Kc2 b5 36. cxb5 cxb5 37. Kb1 b4 38. Qd2 Rxf2 39. Nxf2 e3 40. Ng4 exd2 41. Nxe5 dxe5 42.
Rxd2 Ne4 43.
Rc2 Rf2 44. Kb2 Nxg3 45. Rh4 Nf5 46. Re4 Nd4 47. Rc8+ Kf7 48. Rxe5 Rh2 49. Rcc5 Kf6 50. Re4 Nxe2 51. Rc2 Ng3 52. Rxh2 Nxe4 53. Rg2 Kf7 54. a4 Nf6 55. Re2 Nxh5 56. Re5 g5 57. Rxa5 Nf4 58. Rb5 Ke6 59. a5 g4 60. a6 g3 61. a7 Nd3+ 62. Kc2 Ne1+ 63. Kd1 [Site "Europe Echecs"]

[Event "Championnat d'Europe Rapide"]
[Date "2024.12.08"]
[White "Jobava, Baadur"]
[Black "Sargissian, Gabriel"]
[WhiteElo "2578"]
[BlackElo "2628"]
[Round "8.2"]
[Result "1/2-1/2"]
[TimeControl "900+10"]

1. d4 d5 2.
Nc3 Nf6 3.
Bf4 c5 4. e3 cxd4 5. exd4 a6 6. Bd3 Nc6 7. Nge2 e6 8. Qd2 b5 9. O-O Be7 10. Rfe1 O-O 11. h3 Bb7 12. a3 Rc8 13. Rad1 Na5 14. Qc1 Nc4 15. Bg5 Ne4 16. Bxe7 Qxe7 17.
Bxc4 Rxc4 18. Rd3 Rfc8 19. Qe3 h6 20. Nxe4 dxe4 21. Rc3 Rxc3 22. Nxc3 Qg5 23. Re2 f5 24. g3 Rf8 25. h4 Qg4 26. Qf4 Qxf4 27. gxf4 Kf7 28. Rd2 Kg6 29. Kh2 Kh5 30. Kh3 g5 31. hxg5 hxg5 32. Kg3 Kg6 33. d5 Rd8 34. d6 gxf4+ 35. Kxf4 Kf6 36. a4 b4 37. Na2 e5+ 38. Ke3 f4+ 39. Ke2 a5 40. c4 bxc3 41. Nxc3 Ke6 42. Rd1 Rxd6 43. Rh1 Ba6+ 44. Ke1 Bd3 45. Rh6+ Kd7 46. Rh7+ Kc6 47. Re7 Rd4 48. Rxe5 Rb4 49. Nd5 Rxa4 1/2-1/2

[Site "Europe Echecs"]

[Event "Championnat d'Europe Rapide"]
[Date "2024.12.08"]
[White "Safarli, Eltaj"]
[Black "Magold, Filip"]
[WhiteElo "2610"]
[BlackElo "2428"]
[Round "8.3"]
[Result "1-0"]
[TimeControl "900+10"]

1. e4 c5 2.
Nf3 d6 3.
Nc3 Nf6 4.
e5 dxe5 5.
Nxe5 a6 6.
g3 Nbd7 7.
d4 Nxe5 8.
dxe5 Qxd1+ 9. Nxd1 Ng4 10. f4 Bf5 11. Bg2 O-O-O 12. Bf3 e6 13. h3 Nh6 14. Ne3 Bg6 15. g4 f6 16. exf6 gxf6 17. O-O Bd6 18. Nc4 Nf7 19. Be3 Kb8 20. Nxd6 Nxd6 21. Bxc5 Bxc2 22. Rfe1 Rhe8 23. Rac1 Bd3 24. Bd4 e5 25. fxe5 Nf7 26. Bb6 Nxe5 27. Bg2 Rd7 28. Re3 Re6 29. Ba5 Bb5 30. Bc3 Rde7 31. Bd5 Nd3 32. Rxe6 Rxe6 33. Bxe6 Nxc1 34. Bxf6 Kc7 35. Kf2 Kd6 36. Bg8 Bd3 37. Bg5 Ne2 38. Ke3 Bb5 39. a4 1-0

[Site "Europe Echecs"]

[Event "Championnat d'Europe Rapide"]
[Date "2024.12.08"]
[White "Pultinevicius, Paulius"]
[Black "Georgiev, Kiril"]
[WhiteElo "2579"]
[BlackElo "2537"]
[Round "8.4"]
[Result "0-1"]
[TimeControl "900+10"]

1. d4 Nf6 2. c4 e6 3. Nc3 Bb4 4. Qb3 c5 5. dxc5 Nc6 6. Nf3 Ne4 7. Bd2 Nxd2 8. Nxd2 Bxc5 9. g3 b6 10. Bg2 Bb7 11. O-O O-O 12. a3 Be7 13. Qa4 a6 14. Rfd1 Qb8 15. Rac1 Rd8 16. Nf3 h6 17. Rd3 Ra7 18. Qd1 Ba8 19. b4 d6 20. Qb3 b5 21. cxb5 axb5 22. Rcd1 Qb6 23. Bh3 d5 24. R3d2 Bb7 25. Bf1 Rda8 26. Ra2 d4 27. Nb1 Nxb4 28.
Rad2 Nc6 29.
Nxd4 Nxd4 30. Rxd4 Bc5 31. Rf4 g5 32. Rf6 Qc6 33. Qf3 Qxf3 34. Rxf3 Bxf3 35. exf3 Ra5 36. Kg2 Rb8 37. Rd3 b4 38. axb4 Rxb4 39. Nc3 Rb2 40. Nd1 Rc2 41. Rd7 Raa2 42. Rc7 Rxf2+ 43. Nxf2 Rxf2+ 44. Kg1 Be3 45. Rc3 Rxf3+ 46. Kg2 Rf2+ 47. Kg1 Bd4 48. Rc4 Rd2+ 49. Kh1 Kg7 50. Rc7 g4 51. Rc1 h5 52. Bb5 h4 53. gxh4 Be5 54. Rc4 Rxh2+ 55. Kg1 Rxh4 56. Be8 Kf6 57. Re4 Rh8 58. Ba4 g3 59. Rb4 Rh2 60. Bc6 Ke7 61. Rb7+ Kd6 62. Bg2 f5 63. Kf1 Rh4 64. Bf3 Ra4 65. Rb1 Ra2 66. Rd1+ Ke7 67. Kg1 Bb8 68. Bg2 Ba7+ 69. Kh1 Kf6 70. Re1 e5 71. Rc1 Bd4 72. Rf1 Kg5 73. Rd1 Ra7 74. Bh3 Ra2 75. Bg2 f4 76. Rf1 e4 77. Rd1 f3 0-1

[Site "Europe Echecs"]

[Event "Championnat d'Europe Rapide"]
[Date "2024.12.08"]
[White "Sarana, Alexey"]
[Black "Grigorov, Grigor"]
[WhiteElo "2674"]
[BlackElo "2497"]
[Round "8.5"]
[Result "1/2-1/2"]
[TimeControl "900+10"]

1. d4 Nf6 2. c4 e6 3. Nc3 Bb4 4. e3 c5 5. Bd3 O-O 6. Nge2 cxd4 7. exd4 d5 8. c5 Nc6 9. O-O e5 10. a3 Bxc3 11. bxc3 h6 12. Rb1 Re8 13. h3 Qc7 14. Re1 b6 15. Bb5 Bf5 16. dxe5 Nxe5 17.
cxb6 axb6 18. Bxe8 Bxb1 19. Bb5 Qc5 20. a4 Be4 21. Be3 Qc8 22. Bxb6 Nf3+ 23. gxf3 Bxf3 24. Kh2 Qb8+ 25. Kg1 Qc8 26. Kh2 Qb8+ 27. Kg1 Qc8 28. Kh2 Qb8+ 1/2-1/2

[Site "Europe Echecs"]

[Event "Championnat d'Europe Rapide"]
[Date "2024.12.08"]
[White "Kadric, Denis"]
[Black "Deac, Bogdan-Daniel"]
[WhiteElo "2544"]
[BlackElo "2696"]
[Round "8.6"]
[Result "1-0"]
[TimeControl "900+10"]

1. e4 e5 2. Nf3 Nc6 3. Bc4 Nf6 4. d3 Bc5 5. c3 a6 6. Bg5 h6 7. Bh4 Be7 8. Bg3 d6 9. a4 g6 10. h3 Nh5 11. Bh2 Bg5 12. Nbd2 Qe7 13. b4 Bf4 14. Bg1 Nf6 15. g3 Bxd2+ 16. Nxd2 Be6 17. Qb3 Bxc4 18.
dxc4 a5 19. f3 b6 20. Be3 Qe6 21. Kf2 Kf8 22. Kg2 Kg7 23. Rhb1 Ra7 24. c5 Qxb3 25. Rxb3 bxc5 26. b5 Ne7 27. b6 cxb6 28. Rxb6 Ned5 29. exd5 Nxd5 30.
Rxd6 Nxe3+ 31. Kf2 Nf5 32. Rd5 Rb8 33. Nc4 Rb3 34. Rc1 Re7 35. g4 Nh4 36. Rxe5 Rxe5 37. Nxe5 Ra3 38. Nd7 Ra2+ 39. Ke3 Ng2+ 40. Ke4 Rxa4+ 41. c4 Ra3 42. Nxc5 Re3+ 43. Kd4 Rxf3 44. Nd3 Re3 45. c5 Re8 46. c6 Rd8+ 47. Kc5 Ne3 48. c7 Rc8 49. Kd6 1-0

[Site "Europe Echecs"]

[Event "Championnat d'Europe Rapide"]
[Date "2024.12.08"]
[White "Zajic, Milan"]
[Black "Korobov, Anton"]
[WhiteElo "2392"]
[BlackElo "2629"]
[Round "8.7"]
[Result "0-1"]
[TimeControl "900+10"]

1. e4 c5 2.
Nf3 d6 3. d4 cxd4 4. Nxd4 Nf6 5. Nc3 a6 6. Bd3 g6 7. f3 Qb6 8. a3 e5 9. Nb3 Be6 10. Qe2 Nbd7 11. Be3 Qc7 12. O-O-O h5 13. Kb1 Rc8 14. g3 b5 15. h3 Nb6 16. f4 Be7 17. f5 gxf5 18.
exf5 Bd7 19.
g4 Na4 20.
Bd2 Nxc3+ 21. Bxc3 Nd5 22. Bd2 Nb6 23. Ba5 Qb8 24. f6 Bxf6 25. Rhf1 Bd8 26. Qf2 Rf8 27. gxh5 Nc4 28. Bxd8 Rxd8 29. h6 Qb6 30. Qh4 Be6 31. h7 Kd7 32. Bf5 Bxf5 33. Rxf5 Kc8 34. Rdf1 Qc7 35.
Rh5 Rh8 36. Qf6 Ne3 37. Rf2 Nd5 38. Qxf7 Nf4 39. Qf5+ Kb8 40. Rh4 Qe7 41. Na5 Qxh4 42. Qf7 Rxh7 43. Nc6+ Ka8 0-1

[Site "Europe Echecs"]

[Event "Championnat d'Europe Rapide"]
[Date "2024.12.08"]
[White "Mamedov, Rauf"]
[Black "Horvath, Dominik"]
[WhiteElo "2656"]
[BlackElo "2542"]
[Round "8.8"]
[Result "0-1"]
[TimeControl "900+10"]

1. e4 e5 2.
Nf3 Nc6 3.
Bb5 a6 4.
Ba4 Nge7 5.
Nc3 Ng6 6.
a3 Bc5 7. d3 Nd4 8. Nxd4 Bxd4 9. Ne2 Ba7 10. Ng3 O-O 11. O-O d5 12. exd5 Qxd5 13. Bb3 Qc6 14. Be3 Nh4 15. Ne4 Qg6 16. Ng3 Bg4 17. Qc1 Be2 18. Re1 Qc6 19. Ne4 Qg6 20. Ng3 Qc6 21. f3 Bxf3 22. Bxa7 Bxg2 23. Bf2 Nf3+ 24. Kxg2 Nxe1+ 25.
Kf1 Nf3 26.
Ne4 Kh8 27.
Qe3 Nd4 28.
Ng3 Nxb3 29.
cxb3 Qb5 30.
Rc1 f5 31.
Ne2 Rad8 32.
Rc3 Qd5 33.
Rxc7 f4 34.
Qe4 Qxe4 35.
dxe4 Rd1+ 36. Be1 f3 37. Nc3 Rc1 38. Kf2 Rc2+ 39. Ke3 f2 40. Bxf2 Rcxf2 41. Kd3 b5 42. Nd5 Rxb2 43. Kc3 Rxh2 44. Ra7 Rh6 45. Kb4 g5 46. Ne3 Rg6 47. Ng4 Rf4 48. Ra8+ Rg8 49.
Rxg8+ Kxg8 0-1

[Site "Europe Echecs"]

[Event "Championnat d'Europe Rapide"]
[Date "2024.12.08"]
[White "Boyer, Mahel"]
[Black "Quparadze, Giga"]
[WhiteElo "2526"]
[BlackElo "2537"]
[Round "8.9"]
[Result "0-1"]
[TimeControl "900+10"]

1. Nf3 c5 2.
e3 Nf6 3. d4 e6 4. Bd3 d5 5. O-O Nbd7 6. b3 g6 7. c4 Bg7 8. cxd5 Nxd5 9. Bb2 O-O 10. Nc3 Nxc3 11.
Bxc3 b6 12. Be4 Rb8 13. Qe2 Bb7 14. Bxb7 Rxb7 15. Rac1 Rc7 16. dxc5 Bxc3 17.
Rxc3 Nxc5 18. e4 Rd7 19. b4 Nd3 20. a3 Nf4 21. Qe3 Qf6 22. e5 Qf5 23. Rc4 Nd5 24. Qh6 f6 25. exf6 Qxf6 26. Qg5 Nf4 27. Qxf6 Rxf6 28. g3 Nd3 29. Ng5 Ne5 30. Rc8+ Kg7 31. Ne4 Rf5 32. Rfc1 Rd4 33. R1c7+ Kh6 34. Nc3 Ng4 35. f4 e5 36. Rh8 Nf6 37. fxe5 Rxe5 38. Rf7 Re6 39. Kg2 Rd3 40. Nb5 Rd2+ 41. Kh3 Ree2 42. Rxf6 Kg5 43. Rxg6+ hxg6 0-1

[Site "Europe Echecs"]

[Event "Championnat d'Europe Rapide"]
[Date "2024.12.08"]
[White "Dardha, Daniel"]
[Black "Kilic, Eray"]
[WhiteElo "2639"]
[BlackElo "2459"]
[Round "8.10"]
[Result "1-0"]
[TimeControl "900+10"]

1. d4 Nf6 2. c4 e6 3. Nc3 d5 4. cxd5 exd5 5. Bg5 Bb4 6. e3 h6 7. Bxf6 Qxf6 8. Qb3 c5 9. dxc5 Bxc3+ 10. Qxc3 Qxc3+ 11. bxc3 Nd7 12. Rd1 Nf6 13. Nf3 Bd7 14. Rb1 Rb8 15. c4 Ke7 16. cxd5 Nxd5 17. Bc4 Be6 18. Nd4 Nc3 19. Rc1 Bxc4 20. Rxc3 Bxa2 21. Ke2 Bd5 22. e4 Bc6 23. Ra1 Rhd8 24. Ke3 Ra8 25. Rca3 Kd7 26. Rxa7 Rxa7 27. Rxa7 Re8 28. f3 Re5 29. Nb3 Rh5 30. h3 f5 31. g4 fxg4 32. hxg4 Rh1 33. Ra8 Re1+ 34. Kf4 Rb1 35. Nd4 Rc1 36. Ra5 g6 37. g5 h5 38. Ra8 Rxc5 39. Rg8 Rc4 40. Rg7+ Ke8 41. Ke5 Bd7 42. Rxg6 h4 43. Rh6 h3 44. Nf5 Rc5+ 45. Kf4 Bxf5 46. exf5 Rc4+ 47. Kg3 Rc5 48. Kxh3 Rxf5 49. Kg4 Rc5 50. Rh7 b5 51. Rb7 Kf8 52. f4 Kg8 53. g6 Rd5 54. f5 Rd1 55. Kg5 1-0

[Site "Europe Echecs"]

[Event "Championnat d'Europe Rapide"]
[Date "2024.12.08"]
[White "Beerdsen, Thomas"]
[Black "Laurusas, Tomas"]
[WhiteElo "2502"]
[BlackElo "2578"]
[Round "8.11"]
[Result "1-0"]
[TimeControl "900+10"]

1. e4 e5 2.
Nc3 Nf6 3.
f4 d5 4.
fxe5 Nxe4 5.
Nf3 Be7 6.
d4 c5 7. Bd3 Nxc3 8. bxc3 Nc6 9. O-O O-O 10. Qe1 c4 11. Be2 b5 12. a4 bxa4 13.
Rxa4 Rb8 14.
Qg3 Bf5 15.
Ng5 Bxc2 16.
Ra2 Bg6 17.
h4 Rb1 18.
Be3 Rxf1+ 19. Bxf1 h6 20. Ne6 fxe6 21. Qxg6 Qd7 22. g3 Nd8 23. Bxh6 Rf7 24. Bh3 Bf8 25. Bg5 Be7 26. Ra6 Bxg5 27. hxg5 Qb7 28. Rd6 Rf8 29. Rxd8 Rxd8 30. Bxe6+ Kf8 31.
Qh7 Rb8 32.
Qg8+ Ke7 33.
Qf7+ Kd8 34. Qf8+ Kc7 35. Qd6# 1-0

[Site "Europe Echecs"]

[Event "Championnat d'Europe Rapide"]
[Date "2024.12.08"]
[White "Bernadskiy, Vitaliy"]
[Black "Popovic, Milos T"]
[WhiteElo "2546"]
[BlackElo "2334"]
[Round "8.12"]
[Result "1-0"]
[TimeControl "900+10"]

1. e4 c5 2.
Nc3 e6 3.
Nf3 a6 4. g3 b5 5. Bg2 Bb7 6. d4 cxd4 7. Nxd4 Nf6 8. O-O d6 9. Re1 Nbd7 10. a4 b4 11. Nd5 e5 12. Nf5 Nxd5 13.
exd5 g6 14.
Nd4 Bg7 15.
Nc6 Qc7 16. Nxb4 O-O 17. Ra3 f5 18. Nc6 Nc5 19. b4 Ne4 20. c4 Bxc6 21. dxc6 Qxc6 22.
Bxe4 fxe4 23. Qd5+ Qxd5 24. cxd5 Rfc8 25. Be3 Rc4 26. Rb1 Bf8 27. a5 Rb8 28. b5 Kf7 29. b6 Rb7 30. Rc1 Rb4 31. Rac3 Be7 32. Rc7 Rb8 33. Ra7 1-0

[Site "Europe Echecs"]

[Event "Championnat d'Europe Rapide"]
[Date "2024.12.08"]
[White "Paichadze, Luka"]
[Black "Smeets, Jan"]
[WhiteElo "2532"]
[BlackElo "2552"]
[Round "8.13"]
[Result "1-0"]
[TimeControl "900+10"]

1. e4 c6 2.
d4 d5 3. e5 Bf5 4. h4 h5 5. Bd3 Bxd3 6. Qxd3 e6 7. Bg5 Qb6 8. Nd2 c5 9. c4 Nc6 10. Ngf3 cxd4 11. O-O Nge7 12. a3 Qxb2 13.
Rfc1 Qb6 14.
cxd5 Nxd5 15. Rab1 Qc7 16. Nxd4 Qd7 17. Nxc6 bxc6 18. Ne4 Nb6 19. Qa6 Qc8 20. Qa5 Qc7 21. Rd1 Rc8 22. Rd3 Nd5 23. Qa6 Nb6 24. a4 1-0

[Site "Europe Echecs"]